Map: World of Sleepers LE

Players

Lambo - Winner!

  • Race: Zerg Zerg
  • League: Master
  • Spawn Location: 7:00

demuLarva

  • Race: Terran Terran
  • League: Master
  • Spawn Location: 1:00

VOD

Have the link to the VOD?

Description

Time

  • Played on: Aug. 22, 2019, 2:21 p.m.
  • Length: 18:19
Show
View Real Time Build Order
Export as new Build Order

Lambo Zerg - Winner!

Build Orders: Hatch First, Swarm Host 

Get SALT Encoding   

  12  0:01  Drone  
  13  0:12  Overlord  
  13  0:17  Drone  
  14  0:31  Drone x2  
  16  0:48  Hatchery  
  15  0:52  Drone  
  15  0:54  Drone  
  17  0:58  Drone  
  18  1:08  Extractor  
  17  1:13  Spawning Pool  
  17  1:16  Drone  
  17  1:20  Drone  
  18  1:28  Drone  
  19  1:39  Drone  
  20  1:50  Drone  
  21  2:00  Queen x2  
  21  2:01  Zergling x4  
  27  2:16  Hatchery  
  27  2:18  Overlord  
  27  2:22  Drone  
  27  2:24  Drone  
  28  2:36  Metabolic Boost  
  28  2:39  Drone x3  
  31  2:50  Drone x2  
  33  2:55  Drone  
  34  2:59  Overlord  
  34  3:01  Queen  
  34  3:03  Pneumatized Carapace  
  36  3:19  Drone x6  
  42  3:26  Overlord  
  42  3:30  Drone x2  
  42  3:31  Queen  
  46  3:38  Queen  
  46  3:39  Drone  
  49  3:42  Drone  
  49  3:45  Queen  
  52  3:49  Overlord  
  52  3:51  Zergling x2  
  52  3:55  Zergling x6  
  56  3:59  Zergling x2  
  56  4:00  Overlord  
  56  4:02  Drone  
  58  4:06  Overlord  
  58  4:08  Drone  
  59  4:10  Queen  
  59  4:13  Drone  
  59  4:14  Drone  
  59  4:15  Drone  
  64  4:17  Drone  
  64  4:19  Drone  
  64  4:22  Overlord  
  66  4:24  Drone x2  
  66  4:29  Roach Warren  
  67  4:32  Overlord  
  67  4:33  Drone  
  67  4:34  Drone  
  69  4:39  Lair  
  69  4:41  Extractor  
  69  4:42  Drone  
  69  4:44  Extractor, Drone  
  69  4:46  Drone x2  
  69  4:48  Drone  
  69  4:50  Overlord  
  72  4:53  Drone x2  
  72  4:56  Drone x2  
  72  4:58  Drone x2  
  72  4:59  Drone  
  79  5:03  Spore Crawler  
  79  5:04  Spore Crawler  
  79  5:05  Drone x2  
  79  5:14  Roach x5  
  87  5:17  Drone x2  
  87  5:19  Spore Crawler  
  90  5:25  Overlord  
  90  5:26  Extractor  
  90  5:27  Drone  
  90  5:30  Overlord  
  90  5:32  Overlord  
  90  5:36  Overlord  
  90  5:38  Overlord  
  90  5:39  Queen, Extractor x2  
  90  5:42  Evolution Chamber  
  89  5:43  Evolution Chamber  
  89  5:47  Overlord, Drone x6  
  94  5:51  Drone x3  
  97  6:01  Drone x3  
  97  6:02  Spire, Drone  
  100  6:09  Roach x2  
  100  6:10  Roach  
  106  6:16  Drone x2  
  106  6:17  Glial Reconstitution  
  108  6:19  Zerg Melee Weapons Level 1, Zerg Missile Weapons Level 1  
  108  6:22  Queen  
  108  6:23  Overlord  
  110  6:27  Overlord  
  110  6:28  Drone x2  
  110  6:30  Drone  
  110  6:31  Drone  
  113  6:33  Drone  
  113  6:38  Drone x6  
  118  6:42  Drone x3  
  118  6:46  Infestation Pit  
  120  6:57  Hatchery  
  120  6:58  Overseer  
  120  7:00  Baneling Nest  
  118  7:05  Overlord  
  118  7:07  Spore Crawler  
  117  7:16  Zerg Flyer Armor Level 1, Corruptor x3  
  117  7:17  Corruptor  
  117  7:20  Corruptor  
  127  7:25  Hatchery  
  127  7:26  Corruptor x2  
  127  7:29  Corruptor  
  130  7:34  Corruptor  
  130  7:36  Overlord  
  134  7:37  Drone x4  
  134  7:44  Corruptor  
  138  7:49  Spore Crawler  
  139  7:52  Corruptor x2  
  139  7:56  Drone x5  
  139  7:58  Centrifical Hooks  
  148  8:01  Unknown  
  146  8:06  Corruptor  
  146  8:08  Overlord x2  
  148  8:16  Queen  
  148  8:18  Nydus Network  
  149  8:22  Corruptor  
  149  8:24  Queen x2  
  155  8:34  Unknown  
  150  8:36  Swarm Host x4  
  162  8:45  Swarm Host x3  
  171  8:53  Swarm Host x2  
  171  8:54  Spore Crawler  
  176  8:56  Overlord x2  
  174  9:11  Swarm Host x3  
  174  9:14  Corruptor  
  174  9:15  Corruptor  
  174  9:16  Zergling x28  
  194  9:28  Zerg Flyer Armor Level 2  
  194  9:30  Drone x2  
  194  9:31  Drone  
  197  9:32  Spire  
  197  9:33  Spore Crawler  
  195  9:43  Burrow  
  195  9:45  Swarm Host  
  195  9:49  Nydus Canal  
  198  10:04  Nydus Canal  
  198  10:15  Drone x2  
  198  10:20  Baneling x12  
  186  10:26  Roach x2  
  186  10:27  Drone x15  
  197  10:35  Corruptor x3  
  192  10:38  Pathogen Glands  
  192  10:39  Overlord x2, Hive  
  192  10:41  Nydus Canal  
  194  10:45  Ravager  
  179  11:21  Ravager x3  
  179  11:23  Zerg Melee Weapons Level 2  
  179  11:24  Zerg Flyer Weapons Level 1, Zerg Missile Weapons Level 2  
  182  11:27  Nydus Canal  
  182  11:30  Corruptor x3  
  182  11:31  Corruptor x3  
  194  11:35  Drone x2  
  194  11:36  Drone x3  
  194  11:39  Nydus Canal  
  199  11:46  Hatchery  
  198  11:47  Extractor  
  198  11:48  Extractor  
  198  11:49  Ravager x3  
  198  11:54  Nydus Canal  
  199  11:58  Overlord x2  
  199  12:10  Zergling x6  
  194  12:16  Nydus Canal  
  194  12:21  Roach x3  
  198  12:28  Roach x4  
  196  12:34  Infestor  
  198  12:45  Ravager  
  198  12:51  Zergling x8  
  199  12:56  Roach x7  
  198  13:01  Zergling x2  
  195  13:08  Zergling x8  
  197  13:13  Zergling x2  
  197  13:14  Zergling x2  
  196  13:31  Corruptor x4  
  196  13:34  Overlord x2, Baneling x12  
  194  13:37  Zergling x10  
  195  13:46  Roach Warren, Zergling x16  
  195  13:48  Ravager x4  
  186  13:56  Zergling x16  
  188  14:07  Corruptor x4  
  183  14:16  Corruptor x9  
  162  14:25  Corruptor  
  162  14:26  Corruptor  
  162  14:28  Zerg Flyer Weapons Level 2  
  163  14:36  Corruptor  
  163  14:37  Corruptor x4  
  173  14:40  Overlord  
  173  14:42  Zerg Flyer Armor Level 3  
  173  14:45  Drone x2  
  175  14:49  Hatchery  
  175  14:52  Nydus Canal  
  174  14:54  Ravager x3  
  174  14:56  Corruptor x3  
  174  14:58  Roach  
  174  14:59  Zergling x2, Roach x2  
  190  15:07  Roach  
  185  15:28  Zergling x12  
  185  15:29  Zergling x2  
  185  15:35  Overlord, Neural Parasite  
  158  16:04  Infestor x10  
  158  16:11  Drone x2  
  179  16:26  Drone x7  
  179  16:30  Drone x3  
  189  16:37  Nydus Canal  
  192  16:43  Drone x4  
  193  17:13  Roach x4  
  193  17:14  Roach x3  
  197  17:24  Drone  
  198  17:33  Infestor x4  
  196  17:46  Corruptor x3  
Show
View Real Time Build Order
Export as new Build Order

demuLarva Terran 

Build Orders: Reaper Expand, Mech 

Get SALT Encoding   

  12  0:00  SCV  
  13  0:13  SCV  
  14  0:18  Supply Depot  
  14  0:25  SCV  
  15  0:39  SCV  
  15  0:40  Barracks  
  16  0:43  Refinery  
  16  0:52  SCV  
  17  1:04  SCV  
  18  1:16  SCV  
  19  1:27  Reaper  
  19  1:28  Orbital Command  
  20  1:39  Command Center  
  20  1:48  Supply Depot  
  20  1:54  SCV  
  20  1:59  Marine  
  22  2:06  SCV  
  23  2:09  Factory  
  23  2:11  Refinery  
  23  2:18  SCV  
  23  2:20  Barracks Reactor  
  24  2:36  SCV  
  25  2:49  SCV  
  26  2:58  Starport  
  25  3:01  SCV  
  25  3:02  Orbital Command  
  25  3:04  Hellion x2, Barracks Tech Lab  
  30  3:13  SCV  
  31  3:25  SCV  
  36  3:27  Hellion x2  
  36  3:30  SCV  
  37  3:36  Viking  
  37  3:37  SCV  
  40  3:42  SCV, Fusion Core  
  43  3:48  Supply Depot, Hellion  
  43  3:49  SCV  
  43  3:54  SCV  
  45  4:01  SCV  
  45  4:02  Supply Depot  
  46  4:10  SCV, Hellion  
  46  4:13  SCV  
  50  4:22  SCV  
  51  4:25  SCV  
  51  4:28  Command Center  
  52  4:34  SCV  
  52  4:37  SCV  
  52  4:38  Battlecruiser  
  60  4:43  Supply Depot  
  60  4:46  SCV  
  60  4:50  SCV, Refinery  
  60  4:52  Refinery  
  62  4:55  Supply Depot  
  62  5:03  Armory  
  62  5:05  SCV x2, Hellion x2  
  68  5:12  Supply Depot  
  68  5:17  SCV x2  
  70  5:29  SCV x2, Hellion x2  
  76  5:41  SCV x2  
  76  5:42  Orbital Command  
  78  5:47  Factory  
  78  5:50  Factory  
  78  5:51  Terran Vehicle And Ship Armor Level 1  
  78  5:53  SCV x2  
  78  6:03  Orbital Command  
  78  6:05  SCV x2  
  80  6:14  Hellion x2  
  80  6:15  Battlecruiser  
  80  6:17  SCV x2, Supply Depot x2  
  92  6:21  Weapon Refit  
  90  6:29  SCV x3  
  87  6:38  Refinery  
  79  6:40  Refinery  
  79  6:41  Factory Tech Lab x2, SCV x3  
  79  6:44  Factory  
  82  6:49  Factory  
  82  6:53  SCV  
  82  6:54  SCV x2  
  85  6:59  Hellion x2  
  95  7:03  Siege Tank  
  95  7:05  SCV  
  95  7:06  SCV x2  
  95  7:07  Siege Tank  
  98  7:17  SCV  
  98  7:18  Command Center, SCV x2  
  98  7:21  Supply Depot, Armory  
  101  7:24  Supply Depot  
  101  7:32  SCV x3  
  101  7:34  Factory Tech Lab, Factory Reactor  
  104  7:37  Engineering Bay  
  104  7:39  Supply Depot  
  104  7:48  SCV x3  
  107  7:52  Command Center x2  
  107  7:53  Cyclone  
  107  7:54  Mag-Field Accelerator  
  110  8:00  SCV x2  
  110  8:01  SCV  
  110  8:03  Terran Vehicle And Ship Armor Level 2  
  113  8:06  Cyclone  
  113  8:07  Infernal Pre-Igniter  
  113  8:11  Terran Vehicle Weapons Level 1  
  116  8:13  SCV x3  
  119  8:21  Command Center  
  119  8:25  SCV x3  
  122  8:30  Cyclone x2  
  122  8:31  Hellion x2  
  122  8:32  Hellion  
  134  8:34  Missile Turret  
  134  8:38  Missile Turret x2  
  134  8:41  Cyclone  
  134  8:46  Hellion  
  139  8:53  Hellion  
  141  9:02  Missile Turret  
  141  9:03  Missile Turret  
  141  9:05  Missile Turret  
  141  9:13  Cyclone  
  141  9:14  Cyclone x2  
  150  9:18  Orbital Command  
  150  9:19  Command Center  
  151  9:24  Hellion x2  
  153  9:33  Starport  
  153  9:34  Unknown, Starport, Planetary Fortress  
  153  9:42  Orbital Command  
  153  9:44  Missile Turret  
  153  9:49  Command Center  
  153  9:53  Starport, Advanced Ballistics  
  153  9:56  Starport  
  153  9:58  Cyclone x2  
  159  10:02  Cyclone  
  162  10:12  Battlecruiser  
  162  10:13  Starport Tech Lab x2  
  162  10:24  Hellion x2  
  162  10:25  Hellion x2  
  158  10:30  Cyclone  
  158  10:31  SCV, Hellion  
  158  10:32  SCV x5  
  158  10:35  Hellion  
  157  10:41  Starport Tech Lab, Battlecruiser  
  149  10:44  SCV x4  
  149  10:46  SCV, Hellion  
  156  10:52  Cyclone  
  159  10:58  Cyclone, Hellion x2  
  162  11:05  Hellion x2  
  166  11:16  Battlecruiser  
  166  11:24  Cyclone  
  166  11:25  Refinery  
  169  11:26  SCV  
  169  11:27  Orbital Command  
  170  11:38  Starport Tech Lab, Battlecruiser  
  176  11:49  Terran Ship Weapons Level 1  
  176  11:59  Battlecruiser  
  176  12:01  Hellion x7  
  189  12:18  Orbital Command  
  189  12:20  Orbital Command  
  189  12:22  Hellion  
  199  12:23  Hellion x4  
  199  12:27  Battlecruiser  
  194  12:33  Cyclone, Hellion  
  196  12:45  Refinery  
  192  12:54  Cyclone x2, Hellion x2  
  197  12:58  Terran Vehicle And Ship Armor Level 3  
  197  13:00  SCV x3  
  200  13:25  Orbital Command  
  190  13:46  Battlecruiser  
  196  13:53  Terran Ship Weapons Level 2  
  177  14:13  Cyclone x3, Hellion  
  177  14:14  Hellion x2, Battlecruiser  
  177  14:15  Battlecruiser  
  161  14:21  Battlecruiser  
  158  14:28  Hellion  
  149  14:35  Hellion  
  149  14:37  Hellion x2  
  150  14:45  Cyclone x2  
  153  14:46  Orbital Command, Battlecruiser  
  153  14:52  Cyclone  
  156  15:02  Hellion  
  156  15:05  SCV  
  158  15:11  Orbital Command  
  158  15:17  Cyclone x2  
  162  15:22  Hellion  
  162  15:24  Cyclone  
  163  15:31  Hellion  
  163  15:32  SCV, Hellion x2  
  163  15:34  Refinery  
  163  15:35  Refinery  
  170  15:44  Supply Depot x2  
  170  15:47  Hellion  
  170  15:49  Cyclone  
  178  15:50  Cyclone  
  177  15:57  Hellion  
  177  15:58  Cyclone  
  177  16:02  Battlecruiser  
  162  16:08  SCV  
  162  16:09  SCV x2  
  162  16:11  Hellion  
  148  16:21  Cyclone  
  148  16:22  Cyclone  
  148  16:23  Hellion  
  156  16:33  Cyclone  
  156  16:34  Hellion  
  156  16:36  Battlecruiser  
  167  16:50  Hellion  
  167  16:52  Orbital Command  
  167  16:54  Cyclone  
  172  16:55  Cyclone, Hellion  
  177  17:12  Battlecruiser  
  164  17:31  Cyclone  
  164  17:32  Hellion x3  
  161  17:49  Hellion  
Tags
 
Add a new tag
Caveats
  • Supply blocks, unpowered buildings, or Contaminate may cause inaccurate times.
  • Supply counts are checked every 10 seconds.